 Dungeon Crawl Stone Soup version 0.23.0-3-gf3c87f2df8 (webtiles) character file.

Game seed: 12523229006110979603

8942 MagicGaucho the Zephyrmancer (level 11, -7/67 HPs)
             Began as a Tengu Air Elementalist on Feb 22, 2019.
             Was a Priest of Vehumet.
             Hit by a stone thrown by an orc warrior (14 damage)
             ... on level 10 of the Dungeon on Feb 23, 2019.
             The game lasted 00:23:10 (13342 turns).

MagicGaucho the Zephyrmancer (TeAE)                Turns: 13342, Time: 00:23:11

Health: -7/67      AC:  5    Str:  8    XL:     11   Next: 38%
Magic:  1/25       EV: 21    Int: 19    God:    Vehumet [***...]
Gold:   505        SH:  0    Dex: 15    Spells: 18/28 levels left

rFire    . . .     SeeInvis .   u - +3 short sword
rCold    . . .     Gourm    .   (no shield)
rNeg     . . .     Faith    .   a - +0 robe
rPois    .         Spirit   .   (helmet restricted)
rElec    .         Reflect  .   F - +0 cloak
rCorr    .         Harm     .   A - +1 pair of gloves
MR       .....                  (boots unavailable)
Stlth    ++........             (no amulet)
HPRegen  0.21/turn              (no ring)
MPRegen  0.19/turn              (no ring)

@: flying quickly and evasively, quick
A: beak, talons 3, able to fly
a: Stop Flying, Renounce Religion


You were on level 10 of the Dungeon.
You worshipped Vehumet.
Vehumet was most pleased with you.
You were not hungry.

You visited 2 branches of the dungeon, and saw 11 of its levels.

You collected 505 gold pieces.

Inventory:

Hand Weapons
 b - a +0 dagger
 u - a +3 short sword (weapon)
 H - a +4 scimitar of flaming
Missiles
 r - 3 throwing nets (quivered)
Armour
 a - a +0 robe (worn)
 A - a +1 pair of gloves (worn)
 F - a +0 cloak (worn)
Magical Staves
 x - an uncursed staff of wizardry
Jewellery
 w - an uncursed ring of attention
Wands
 q - a wand of iceblast (6)
 z - a wand of random effects (20)
Scrolls
 d - 2 scrolls of blinking {unknown}
 e - 5 scrolls of remove curse
 f - 6 scrolls of teleportation
 h - 2 scrolls of amnesia {unknown}
 i - a scroll of immolation {unknown}
 m - 3 scrolls of fear {unknown}
 n - 3 scrolls of random uselessness {unknown}
 p - 5 scrolls of magic mapping
 s - a scroll of noise {unknown}
 t - a scroll of identify
 y - 2 scrolls of enchant armour {unknown}
 B - a scroll of silence {unknown}
Potions
 g - 2 potions of agility
 j - 2 potions of resistance
 k - 2 potions of lignification
 l - 2 potions of heal wounds
 o - a potion of berserk rage {unknown}
 v - a potion of haste {unknown}
 C - a potion of mutation {unknown}
 E - a potion of invisibility {unknown}
 G - a potion of brilliance {unknown}
Comestibles
 c - 6 rations


   Skills:
 + Level 7.2 Fighting
 + Level 8.3 Dodging
 - Level 2.0 Stealth
 + Level 9.1 Spellcasting
 - Level 10.0 Conjurations
 - Level 10.0 Air Magic


You had 18 spell levels left.
You knew the following spells:

 Your Spells              Type           Power        Failure   Level  Hunger
a - Shock                 Conj/Air       ####         1%          1    None
d - Airstrike             Air            #####.....   1%          4    ###....
e - Lightning Bolt        Conj/Air       #####.....   1%          5    #####..

Your spell library contained the following spells:

 Spells                   Type           Power        Failure   Level  Hunger
 Force Lance              Conj/Tloc      ####....     3%          4    ###....
 Swiftness                Chrm/Air       ####....     1%          2    None
 Static Discharge         Conj/Air       #####...     1%          3    None
 Confusing Touch          Hex            #.....       9%          1    None
 Summon Small Mammal      Summ           #...         9%          1    None
 Summon Lightning Spire   Summ/Air       ####....     11%         4    ###....
 Call Imp                 Summ           #.......     12%         2    None
 Call Canine Familiar     Summ           #.......     24%         3    None
 Confuse                  Hex            #.......     24%         3    None
 Gell's Gravitas          Tloc           #.........   24%         3    None
 Summon Guardian Golem    Hex/Summ       #.......     24%         3    None
 Yara's Violent Unravell  Hex/Tmut       #.........   47%         5    #####..
 Petrify                  Tmut/Erth      #.......     63%         4    ###....
 Summon Ice Beast         Ice/Summ       #.......     63%         4    ###....
 Metabolic Englaciation   Hex/Ice        #.........   92%         5    #####..


Dungeon Overview and Level Annotations

Branches:
Dungeon (10/15)            Temple (1/1) D:5
   Lair: D:8-11         Orc: D:9-12

Altars:
Ashenzari
Cheibriados
Dithmenos
Elyvilon
Fedhas
Gozag
Hepliaklqana
Kikubaaqudgha
Makhleb
Nemelex Xobeh
Okawaru
Qazlal
Ru
Sif Muna
Trog
Uskayaw
Vehumet
Wu Jian
Xom
Yredelemnul
Zin
The Shining One

Shops:
D:6 %   D:7 %

Annotations:
D:4 3 runed translucent doors, emsyzz's ghost, amateur DEEE
D:6 1 exclusion, Menkaure
D:9 Joseph


Innate Abilities, Weirdness & Mutations

You have a beak for a mouth.
You have claws for feet.
You can fly continuously.


Message History

The zap hits the orc warrior.
The orc warrior is almost dead.
The orc warrior throws a stone.
The stone hits you!
* * * LOW HITPOINT WARNING * * *
Casting: Shock (safe; 1% risk of failure)
Confirm with . or Enter, or press ? or * to list all spells.
Aiming: Shock (safe; 1% risk of failure)
Press: ? - help, Shift-Dir - straight line, f/p - orc warrior
Aim: an orc warrior, wielding a +0 short sword and wearing a cursed +0 chain mail (almost dead)
The zap hits the orc warrior.
The orc warrior is almost dead.
The orc warrior throws a stone.
The stone misses you.
Casting: Shock (safe; 1% risk of failure)
Confirm with . or Enter, or press ? or * to list all spells.
Aiming: Shock (safe; 1% risk of failure)
Press: ? - help, Shift-Dir - straight line, f/p - orc warrior
Aim: an orc warrior, wielding a +0 short sword and wearing a cursed +0 chain mail (almost dead)
The zap misses the orc warrior.
The orc warrior throws a stone.
The stone hits you!
You die...

..............,,,,,,,,,,,,,,***,,
..................,,,,,,,,,,****,
.................#######,,,,,,,,,
..##............o.......,,,,,,,,,
........................,,,,,,,,,
.......####..,..).......,,,,,,,,*
.......# ****#.........,,,,,,,,,
.......########.[.......,,,,,,,,,
...>........#...@........,,,,,,,,
..........................,,,,,,,
................(.........,,,,,,,
..............)..........,,,,,,,,
........(..............#,,,*,,,,,
.......................###*,,,,,,
####...........##.........,,,,,,,
#..........)##.(.......,,,,,,,
#............#.........,,,,,,,


You could see an orc warrior.

Vanquished Creatures
  2 two-headed ogres
  Erica (D:9)
  Sonja (D:10)
  A troll (D:10)
  Grinder (D:6)
  A hornet (D:7)
  2 hippogriffs
  2 wyverns
  A yak (D:9)
  4 vampire mosquitoes (D:10)
  A hungry ghost (D:7)
  An eye of draining (D:10)
  2 phantoms
  An ice beast (D:8)
  2 orc warriors (D:9)
  A necrophage (D:8)
  7 ogres
  3 centaurs
  2 big kobolds
  6 bullfrogs
  2 wyvern zombies (D:6)
  2 wyvern skeletons
  A scorpion (D:8)
  4 killer bees (D:9)
  6 wights
  3 howler monkeys
  3 crimson imps
  3 jellies
  A quasit (D:8)
  2 bullfrog zombies
  3 orc priests
  4 orc wizards
  A bullfrog skeleton (D:5)
  5 hounds
  2 centaur skeletons
  2 iguanas
  Natasha (thrice) (D:2)
  13 worker ants
  5 hound skeletons
  2 worker ant zombies
  12 gnolls
  11 adders
  2 adder zombies
  3 adder skeletons
  3 worms
  6 dart slugs
  4 leopard geckos
  20 orcs
  7 bats
  4 giant cockroaches
  4 goblins
  6 hobgoblins
  11 jackals
  2 quokkas (D:6)
  A ball python (D:4)
  A ball python skeleton (D:4)
  8 frilled lizards
  31 kobolds
  A leopard gecko skeleton (D:5)
  10 rats
256 creatures vanquished.

Notes
Turn   | Place    | Note
-------+----------+-------------------------------------------
     0 | D:1      | MagicGaucho the Tengu Air Elementalist began the quest for
                  | the Orb.
     0 | D:1      | Reached XP level 1. HP: 10/10 MP: 4/4
   208 | D:1      | Reached XP level 2. HP: 15/15 MP: 0/6
   904 | D:2      | Reached XP level 3. HP: 19/19 MP: 0/7
  1378 | D:2      | Reached XP level 4. HP: 24/24 MP: 3/9
  1432 | D:2      | Learned a level 4 spell: Airstrike
  1451 | D:2      | Noticed a bullfrog
  1457 | D:2      | Killed a bullfrog
  1457 | D:2      | Reached skill level 5 in Air Magic
  1457 | D:2      | Gained mutation: You can fly continuously. [Tengu growth]
  1457 | D:2      | Reached XP level 5. HP: 25/28 MP: 7/10
  1514 | D:2      | Found an ornate altar of the Wu Jian Council.
  2193 | D:2      | Noticed Natasha
  2196 | D:2      | Killed Natasha
  2196 | D:2      | Reached XP level 6. HP: 32/32 MP: 2/12
  2510 | D:2      | Noticed Natasha
  2515 | D:2      | Killed Natasha
  2680 | D:2      | Noticed Natasha
  2683 | D:2      | Killed Natasha
  2976 | D:3      | Reached skill level 5 in Conjurations
  3051 | D:2      | Found a blossoming altar of Fedhas.
  3635 | D:4      | Reached XP level 7. HP: 36/36 MP: 5/14
  3799 | D:4      | Found a shadowy altar of Dithmenos.
  3923 | D:4      | Found a runed translucent gate.
  3924 | D:4      | Found a runed translucent gate.
  3929 | D:4      | Found a runed translucent gate.
  4010 | D:4      | Noticed emsyzz's ghost (amateur DEEE)
  4031 | D:4      | Learned a level 5 spell: Lightning Bolt
  4734 | D:5      | Entered Level 5 of the Dungeon
  4989 | D:5      | Reached skill level 5 in Spellcasting
  4989 | D:5      | Reached XP level 8. HP: 30/41 MP: 7/16
  5580 | D:5      | Found a staircase to the Ecumenical Temple.
  5999 | Temple   | Entered the Ecumenical Temple
  6217 | Temple   | Became a worshipper of Vehumet
  6377 | D:6      | HP: 2/41 [centaur/arrow (13)]
  7011 | D:6      | Found a glowing golden altar of the Shining One.
  7284 | D:6      | Noticed Grinder
  7340 | D:6      | Killed Grinder
  7340 | D:6      | Reached skill level 1 in Fighting
  7340 | D:6      | Reached XP level 9. HP: 47/47 MP: 0/19
  7345 | D:6      | Reached * piety under Vehumet
  7345 | D:6      | Offered knowledge of Freeze by Vehumet.
  7565 | D:6      | Found Ohuitua's Food Emporium.
  7641 | D:6      | Noticed Menkaure
  7833 | D:7      | Noticed a hornet
  7839 | D:7      | Killed a hornet
  8426 | D:7      | Found Miaff's Food Emporium.
  8430 | D:7      | Reached skill level 10 in Air Magic
  8927 | D:7      | Found a shattered altar of Ashenzari.
  9245 | D:8      | Reached ** piety under Vehumet
  9245 | D:8      | Offered knowledge of Sting by Vehumet.
  9421 | D:8      | Reached XP level 10. HP: 41/56 MP: 16/21
  9714 | D:8      | Reached skill level 5 in Dodging
  9913 | D:8      | Reached skill level 10 in Conjurations
 10494 | D:9      | Noticed Erica
 10738 | D:8      | Offered knowledge of Searing Ray by Vehumet.
 11107 | D:9      | Reached *** piety under Vehumet
 11277 | D:9      | Killed Erica
 11277 | D:9      | Reached skill level 5 in Fighting
 11472 | D:9      | Found an iron altar of Okawaru.
 11486 | D:9      | Noticed a two-headed ogre
 11530 | D:9      | Killed a two-headed ogre
 11618 | D:9      | Noticed Joseph
 12023 | D:9      | Reached XP level 11. HP: 25/64 MP: 2/24
 12294 | D:9      | Offered knowledge of Force Lance by Vehumet.
 12463 | D:10     | Entered Level 10 of the Dungeon
 12463 | D:10     | Noticed a two-headed ogre
 12468 | D:10     | Noticed Sonja
 13125 | D:10     | Killed Sonja
 13271 | D:10     | Killed a two-headed ogre
 13342 | D:10     | Hit by a stone thrown by an orc warrior

Skill      XL: |  1  2  3  4  5  6  7  8  9 10 11 |
---------------+----------------------------------+-----
Conjurations   | 2 3 4 5 6 8 9 10 | 10.0
Spellcasting   | 3 4 5 6 7 8 9 |  9.1
Air Magic      | 5 6 7 9 10 | 10.0
Fighting       | 1 3 6 7 |  7.2
Dodging        | 4 7 8 |  8.3
Stealth        | |  2.0

Action                   |  1- 3 |  4- 6 |  7- 9 | 10-12 || total
-------------------------+-------+-------+-------+-------++-------
Melee: Dagger            |       |    11 |       |       ||    11
       Kick              |       |     3 |     6 |     6 ||    15
       Peck              |       |     2 |     5 |     6 ||    13
       Short sword       |       |       |    37 |    54 ||    91
 Cast: Shock             |    62 |    84 |   228 |   148 ||   522
       Airstrike         |       |    10 |    61 |    71 ||   142
       Lightning Bolt    |       |       |       |    15 ||    15
 Abil: Fly               |       |     1 |       |       ||     1
Evoke: Wand              |       |       |       |     1 ||     1
  Use: Scroll            |       |       |       |    10 ||    10
       Potion            |       |       |       |     3 ||     3
 Stab: Sleeping          |       |       |     1 |       ||     1
  Eat: Chunk             |     2 |     6 |    15 |    12 ||    35
       Ration            |       |     1 |     3 |     3 ||     7
Armor: Robe              |     1 |     6 |    25 |     8 ||    40
       Skin              |       |       |       |    11 ||    11
Dodge: Dodged            |     9 |    29 |    81 |   147 ||   266
